 Dungeon Crawl Stone Soup version bcrawl-1.13.5 (webtiles) character file.

Game seed: 5661344247510987136

21 binko the Magician (level 2, -1/20 HPs)
             Began as an Oni Earth Elementalist on Sept 4, 2019.
             Slain by a goblin (4 damage)
             ... led by Robin
             ... on level 2 of the Dungeon.
             The game lasted 00:01:41 (983 turns).

binko the Magician (Oni Earth Elementalist)          Turns: 983, Time: 00:01:42

Health: -1/20      AC:  2    Str: 11    XL:     2   Next: 83%
Magic:  4/7        EV: 12    Int: 16    God:
Gold:   164        SH:  0    Dex: 11    Spells: 4/5 levels left

rFire    . . .     SeeInvis .   (no weapon)
rCold    . . .     Gourm    .   (no shield)
rNeg     . . .     Faith    .   c - +0 animal skin
rPois    .         Spirit   .   (helmet restricted)
rElec    .         Reflect  .   (no cloak)
rCorr    .         Harm     .   (no gloves)
MR       .....                  (no boots)
Stlth    ++........             (no amulet)
HPRegen  0.06/turn              (no ring)
MPRegen  0.10/turn              (no ring)

@: about to teleport
A: oni magic, claws 1, fangs 1, horns 1
a: no special abilities


You were on level 2 of the Dungeon.
You were not hungry.

You visited 1 branch of the dungeon, and saw 2 of its levels.

You collected 164 gold pieces.

Inventory:

Missiles
 b - 332 stones (quivered)
Armour
 c - a +0 animal skin (worn)
Scrolls
 a - a scroll of teleportation
 e - a scroll of noise {unknown}
 g - a scroll of amnesia {unknown}
 i - a scroll of blinking {unknown}
 l - a scroll of identify {unknown}
 m - a scroll of enchant armour {unknown}
Potions
 f - 4 potions of flight {unknown}
 h - 3 potions of heal wounds {unknown}
 j - a potion of might {unknown}
 k - a potion of mutation {unknown}
Comestibles
 d - 6 rations {!d}


   Skills:
 - Level 1.7 Dodging
 - Level 1.7 Stealth
 + Level 2.2 Spellcasting


You had 4 spell levels left.
You knew the following spells:

 Your Spells              Type           Power        Failure   Level  Hunger
a - Sandblast             Erth           ##....       7%          1    #......

Your spell library contained the following spells:

 Spells                   Type           Power        Failure   Level  Hunger
 Shock                    Conj/Air       #....        8%          1    #......
 Passwall                 Tmut/Erth      #.......     12%         2    ###....
 Stone Arrow              Conj/Erth      #.....       24%         3    ###....
 Petrify                  Tmut/Erth      #.......     61%         4    #####..
 Lee's Rapid Deconstruct  Erth           ##........   88%         5    ######.


Dungeon Overview and Level Annotations

Branches:
Dungeon (2/12)

Altars:
Qazlal

Annotations:
D:2 Robin


Innate Abilities, Weirdness & Mutations

You learn spells by gaining experience, not through books or religion.
You only train spellcasting to practice magic.
You have sharp fingernails.
You have very sharp teeth.
You have a pair of small horns on your head.


Message History

Aim: a goblin, wielding a +0 club (unusually strong)
The blast of sand misses the goblin.
The blast of sand hits the goblin.
The goblin is severely wounded.
b - 342 stones A goblin comes into view.
It is wielding a +0 dagger.
The goblin hits you. x2
Casting: Sandblast (safe; 7% risk of failure)
Confirm with . or Enter, or press ? or * to list all spells.
Aiming: Sandblast (safe; 7% risk of failure)
Press: ? - help, Shift-Dir - straight line, f/p - goblin
Aim: a goblin, wielding a +0 club (severely wounded, unusually strong)
The blast of sand misses the goblin.
The blast of sand hits the goblin.
You kill the goblin!
b - 332 stones The goblin barely misses you.
The goblin hits you.
* * * LOW HITPOINT WARNING * * *
As you read the scroll labeled WERASA PAOTAN, it crumbles to dust.
You feel strangely unstable.
It was a scroll of teleportation.
The goblin barely misses you. The goblin hits you.
You die...

################################.
#. #. ##############.
#.............. #.#############
#.# ##########.#####
.w.g.gg@g......# ..g#######^###.#
#.# #+# #.# #.# #.# #.# # #.#
#### #.#.# #.# †..######.#.# .#
............#


You could see a dart slug, 2 hobgoblins and 3 goblins.

Vanquished Creatures
  A worm (D:2)
  A dart slug (D:2)
  An orc (D:2)
  2 goblins (D:2)
  A hobgoblin (D:1)
  A kobold (D:1)
  4 bats
  4 frilled lizards
  2 rats (D:1)
17 creatures vanquished.

Notes
Turn   | Place    | Note
-------+----------+-------------------------------------------
     0 | D:1      | binko the Oni Earth Elementalist began the quest for the
                  | Orb.
     0 | D:1      | Reached XP level 1. HP: 14/14 MP: 4/4
   445 | D:1      | Reached XP level 2. HP: 20/20 MP: 6/6
   769 | D:2      | Reached skill level 2 in Spellcasting
   771 | D:2      | Found a stormy altar of Qazlal.
   976 | D:2      | Noticed Robin
   983 | D:2      | Slain by a goblin

Skill      XL: |  1  2 |
---------------+-------+-----
Spellcasting   | 2 |  2.2
Dodging        | |  1.7
Stealth        | |  1.7

Action                   || total
-------------------------++-------
Melee: Unarmed           ||    40
       Headbutt          ||     3
       Bite              ||     2
 Cast: Sandblast         ||    12
  Use: Scroll            ||     1
 Stab: Sleeping          ||     1
Armor: Animal skin       ||     7
Dodge: Dodged            ||    35
